 Dungeon Crawl Stone Soup version 0.22-a0-422-g9628fc8 (webtiles) character file.

5763 4thArraOfDagon the Arsonist (level 10, -6/56 HPs)
             Began as an Octopode Fire Elementalist on May 16, 2018.
             Was an Elder of Vehumet.
             Shot with a bolt by a tengu warrior (31 damage)
             ... on level 8 of the Dungeon.
             The game lasted 00:25:52 (6042 turns).

4thArraOfDagon the Arsonist (OpFE)                  Turns: 6042, Time: 00:25:53

Health: -6/56      AC:  5    Str: 10    XL:     10   Next: 78%
Magic:  17/20      EV: 13    Int: 21    God:    Vehumet [****..]
Gold:   507        SH:  0    Dex: 13    Spells: 6/22 levels left

rFire    . . .     SeeInvis +   B - +0 great mace (crush)
rCold    . . .     Gourm    .   (shield currently unavailable)
rNeg     . . .     Faith    .   u - +2 hat
rPois    .         Spirit   .   r - amulet of magic regeneration
rElec    .         Reflect  .   f - ring of resist corrosion
rCorr    +         Harm     .   d - +3 ring of strength
MR       +....                  k - ring of protection from magic
Stlth    ++++......             l - ring of stealth
HPRegen  0.18/turn              v - ring of see invisible
MPRegen  0.42/turn              (no ring)
                                (no ring)
                                (no ring)

@: no status effects
A: almost no armour, stealthy swim, amphibious, 8 rings, constrict 8, slimy
green scales 1, camouflage 1, screaming 1, gelatinous body 1, no potion heal 1
a: Renounce Religion


You were on level 8 of the Dungeon.
You worshipped Vehumet.
Vehumet was greatly pleased with you.
You were not hungry.

You visited 2 branches of the dungeon, and saw 9 of its levels.
You also visited: Bailey.

You collected 507 gold pieces.

Inventory:

Hand Weapons
 g - a +0 dagger of venom
 m - a +0 long sword
 B - a +0 great mace of crushing (weapon)
Missiles
 t - 12 tomahawks of dispersal (quivered)
Armour
 u - a +2 hat (worn)
Jewellery
 d - a +3 ring of strength (right tentacle)
 f - a ring of resist corrosion (left tentacle)
 i - an uncursed ring of ice
 k - a ring of protection from magic (on tentacle)
 l - a ring of stealth (on tentacle)
 r - an amulet of magic regeneration (around mantle)
 v - a ring of see invisible (on tentacle)
Wands
 z - a wand of clouds (5)
Scrolls
 e - 4 scrolls of remove curse {unknown}
 h - a scroll of magic mapping
 j - 3 scrolls of teleportation
 o - 3 scrolls of amnesia
 p - a scroll of random uselessness
 q - a scroll of vulnerability {unknown}
 y - a scroll of fear
Potions
 a - 3 potions of agility
 c - a potion of brilliance {unknown}
 n - 3 potions of curing
 s - a potion of heal wounds
 w - 2 potions of flight
 x - a potion of haste
 A - a potion of might
Comestibles
 b - 13 rations


   Skills:
 - Level 2.0 Dodging
 - Level 2.6 Stealth
 + Level 6.7 Spellcasting
 * Level 10.0 Conjurations
 * Level 10.4 Fire Magic


You had 6 spell levels left.
You knew the following spells:

 Your Spells              Type           Power        Failure   Level  Hunger
a - Flame Tongue          Conj/Fire      #####        1%          1    None
b - Conjure Flame         Conj/Fire      ######..     1%          3    #......
c - Sticky Flame          Conj/Fire      ######..     1%          4    ###....
d - Fireball              Conj/Fire      ######....   1%          5    #####..
e - Mephitic Cloud        Conj/Pois/Air  ###.....     1%          3    #......

Your spell library contained the following spells:

 Spells                   Type           Power        Failure   Level  Hunger
 Throw Flame              Conj/Fire      ######       1%          2    None
 Inner Flame              Hex/Fire       ####....     1%          3    #......


Dungeon Overview and Level Annotations

Branches:
Dungeon (8/15)             Temple (1/1) D:6
   Lair: D:8-11

Altars:
Ashenzari
Dithmenos
Elyvilon
Gozag
Hepliaklqana
Kikubaaqudgha
Okawaru
Qazlal
Ru
Sif Muna
Trog
Uskayaw
Vehumet
Wu Jian
Zin

Annotations:
D:3 Sigmund; Steelmeadow's ghost, amateur HaAs
D:5 1 exclusion


Innate Abilities, Weirdness & Mutations

You cannot wear most types of armour.
You are very stealthy in the water. (Stealth+)
You are amphibious.
You can wear up to eight rings at the same time.
You can use your tentacles to constrict eight enemies at once.
Your skin changes colour to match your surroundings (Stealth+).
Your rubbery body absorbs attacks. (AC +1, EV +1)
You are partially covered in slimy green scales. (AC +2)
You occasionally shout uncontrollably at your foes.
Potions are less effective at restoring your health.


Message History

Unknown command.
The tengu warrior unwields an uncursed enchanted great sword.
The tengu warrior wields an uncursed arbalest.
The tengu warrior shoots a bolt.
The bolt hits you!!
You see here a bolt.
Unknown command.
Casting: Sticky Flame (safe; 1% risk of failure)
Confirm with . or Enter, or press ? or * to list all spells.
Okay, then.
Casting: Sticky Flame (safe; 1% risk of failure)
Confirm with . or Enter, or press ? or * to list all spells.
Aiming: Mephitic Cloud (safe; 1% risk of failure)
Press: ? - help, Shift-Dir - straight line, f - tengu warrior
Aim: a tengu warrior, wielding an arbalest and wearing a runed robe The ball explodes into a vile cloud!
The stinking cloud engulfs the tengu warrior.
The tengu warrior is engulfed in noxious fumes.
The tengu warrior shoots a bolt.
The bolt hits you!!
Ouch! That really hurt!
You die...

###.###'#####'###*#+***,,* *
....###.###..#..#.##,,*,,** *
##..#.8.8.#.#.#)#..,,**,*,** *
##..'.....'#...#'#,*,*+,**,** *
....#.8.8.##..#.#*,,,,*,***,*****
##..###.###.##..#,,*#,*,* **,,,,,
##..###'#####'#####'###.***,*****
...........)..Q§........**,**
.####...####.###@######,*,**
.................# **,,*
.≈≈≈≈≈≈≈.######### *,,* *****
.≈#####≈.# *,,* *,,,, .≈#...#≈.#
*,,*##,*** .≈#.∩.#≈.# *,,>,..* *
.≈#...#≈.## **,***.###
.≈##.##≈..# *,,,,,... .≈≈≈≈≈≈≈..#
****,*#.#


You could see a tengu warrior.

Vanquished Creatures
  A two-headed ogre (D:8)
  3 orc knights (Bailey)
  The ghost of Tiareth the Thaumaturge, a novice DEWz of Sif Muna (D:8)
  Pikel (D:7)
  The ghost of KlownO the Digger, a novice GrEE of Ashenzari (D:5)
  Edmund (D:5)
  A water moccasin (D:8)
  2 sky beasts (D:7)
  An ice beast (D:8)
  5 orc warriors (Bailey)
  A necrophage (D:8)
  2 phantoms
  A slave (D:7)
  2 ogres
  A centaur (D:8)
  A big kobold (D:6)
  The ghost of Galewind the Chiller, an amateur DEIE (D:6)
  2 bullfrogs
  2 scorpions
  4 crimson imps
  A jelly (D:4)
  A bullfrog zombie (D:5)
  2 orc priests
  4 hounds
  A bullfrog skeleton (D:8)
  3 centaur skeletons
  2 orc wizards
  An iguana (D:8)
  2 worker ants
  A hound zombie (D:7)
  2 hound skeletons
  A howler monkey zombie (D:8)
  4 gnolls (D:7)
  5 adders
  2 oozes
  2 adder skeletons
  3 worms
  4 dart slugs
  2 leopard geckos
  30 orcs
  A ball python (D:1)
  8 bats
  2 giant cockroaches
  12 goblins
  6 hobgoblins
  3 jackals (D:4)
  A quokka (D:6)
  8 frilled lizards
  A jackal skeleton (D:8)
  10 kobolds
  A leopard gecko skeleton (D:7)
  5 rats
165 creatures vanquished.

Notes
Turn   | Place    | Note
-------+----------+-------------------------------------------
     0 | D:1      | 4thArraOfDagon the Octopode Fire Elementalist began the quest for the Orb.
     0 | D:1      | Reached XP level 1. HP: 11/11 MP: 3/3
    38 | D:1      | Reached XP level 2. HP: 14/17 MP: 0/5
   273 | D:3      | Noticed Sigmund
   445 | D:5      | Entered Level 5 of the Dungeon
   455 | D:6      | Found a staircase to the Ecumenical Temple.
   486 | D:6      | Noticed Galewind's ghost (amateur DEIE)
   520 | Temple   | Entered the Ecumenical Temple
   534 | Temple   | Became a worshipper of Vehumet
   573 | D:3      | Reached XP level 3. HP: 21/21 MP: 3/6
   578 | D:3      | Learned a level 3 spell: Conjure Flame
   655 | D:4      | Thaneod: always speed run to temple?
   911 | D:1      | 4thArraOfDagon: yea
   911 | D:1      | 4thArraOfDagon: well not always
   911 | D:1      | 4thArraOfDagon: just to cut off hopeless start :)
  1347 | D:2      | Reached * piety under Vehumet
  1347 | D:2      | Offered knowledge of Sandblast by Vehumet.
  1375 | D:2      | Reached XP level 4. HP: 17/27 MP: 3/7
  1510 | D:2      | Gained mutation: You expend magic power (3 MP) to strengthen your wands. [potion of mutation]
  1510 | D:2      | Gained mutation: Your muscles are strong. (Str +2) [potion of mutation]
  1515 | D:2      | Lost mutation: Your muscles are strong. (Str +2) [potion of mutation]
  1515 | D:2      | Lost mutation: You expend magic power (3 MP) to strengthen your wands. [potion of mutation]
  1515 | D:2      | Gained mutation: Your body sometimes deteriorates upon taking damage. [potion of mutation]
  1515 | D:2      | Gained mutation: You are frail. (-10% HP) [potion of mutation]
  1515 | D:2      | Gained mutation: Your system is resistant to poisons. (rPois) [potion of mutation]
  1846 | D:2      | 4thArraOfDagon: wrong quaff xd
  2032 | D:3      | Found a stormy altar of Qazlal.
  2033 | D:3      | Noticed Steelmeadow's ghost (amateur HaAs)
  2200 | D:3      | You fall through a shaft for 2 floors!
  2204 | D:5      | Thaneod: xom like you
  2204 | D:5      | Reached XP level 5. HP: 22/27 MP: 5/9
  2212 | D:5      | Learned a level 4 spell: Sticky Flame
  2302 | D:5      | Noticed KlownO's ghost (novice GrEE)
  2625 | D:4      | Noticed a phantom
  2748 | D:4      | Killed a phantom
  2748 | D:4      | Reached XP level 6. HP: 30/32 MP: 0/10
  2823 | D:4      | Reached ** piety under Vehumet
  2897 | D:4      | Reached skill level 5 in Fire Magic
  2948 | D:4      | Offered knowledge of Searing Ray by Vehumet.
  3122 | D:6      | Reached XP level 7. HP: 28/36 MP: 9/12
  3355 | D:6      | Reached skill level 5 in Conjurations
  3393 | D:5      | Noticed Edmund
  3474 | D:6      | Killed Galewind's ghost
  3541 | D:6      | Reached XP level 8. HP: 41/41 MP: 11/14
  4057 | D:5      | Killed KlownO's ghost
  4066 | D:5      | Learned a level 5 spell: Fireball
  4114 | D:5      | Found a hide-covered altar of Uskayaw.
  4169 | D:5      | Lost mutation: Your body sometimes deteriorates upon taking damage. [potion of mutation]
  4169 | D:5      | Lost mutation: You are frail. (-10% HP) [potion of mutation]
  4169 | D:5      | Lost mutation: Your system is resistant to poisons. (rPois) [potion of mutation]
  4169 | D:5      | Gained mutation: You occasionally shout uncontrollably at your foes. [potion of mutation]
  4169 | D:5      | Gained mutation: Potions are less effective at restoring your health. [potion of mutation]
  4169 | D:5      | Gained mutation: You are partially covered in slimy green scales. (AC +2) [potion of mutation]
  4237 | D:5      | Killed Edmund
  4276 | D:5      | Offered knowledge of Mephitic Cloud by Vehumet.
  4340 | D:5      | Found a sacrificial altar of Ru.
  4614 | D:7      | Noticed Pikel
  4845 | D:7      | Killed Pikel
  4845 | D:7      | Reached skill level 5 in Spellcasting
  4845 | D:7      | Reached XP level 9. HP: 41/51 MP: 9/16
  4899 | D:7      | Found an opulent altar of Gozag.
  4899 | D:7      | Found an ancient bone altar of Kikubaaqudgha.
  5015 | D:7      | Reached *** piety under Vehumet
  5175 | D:7      | Found a hazy altar of Hepliaklqana.
  5185 | D:7      | Learned a level 3 spell: Mephitic Cloud
  5310 | D:8      | Noticed a two-headed ogre
  5327 | D:8      | Offered knowledge of Ignite Poison by Vehumet.
  5337 | D:8      | Killed a two-headed ogre
  5359 | D:8      | Found a flagged portal.
  5379 | D:8      | Noticed Tiareth's ghost (novice DEWz)
  5396 | Bailey   | Entered a bailey
  5489 | Bailey   | Noticed an orc knight
  5489 | Bailey   | Noticed an orc knight
  5508 | Bailey   | Reached XP level 10. HP: 47/56 MP: 15/18
  5587 | Bailey   | Noticed an orc knight
  5588 | Bailey   | Killed an orc knight
  5596 | Bailey   | Killed an orc knight
  5617 | Bailey   | Killed an orc knight
  5617 | Bailey   | Reached skill level 10 in Fire Magic
  5640 | Bailey   | Thaneod: lol
  5663 | Bailey   | Thaneod: everywhone drowned
  5721 | D:8      | 4thArraOfDagon: lava'ed
  5735 | D:8      | Reached **** piety under Vehumet
  5882 | D:8      | Killed Tiareth's ghost
  5929 | D:8      | Noticed a tengu warrior
  5932 | D:8      | Offered knowledge of Dazzling Spray by Vehumet.
  5986 | D:8      | Reached skill level 10 in Conjurations
  6042 | D:8      | Shot with a bolt by a tengu warrior

Vault maps used:
D:1:      dpeg_arrival_short_road
D:2:      minmay_mini_jars
D:3:      grunt_qazlal_sundering, tgw_xom, uniq_sigmund
D:4:      first_ration
D:5:      nicolae_ru_the_path_less_chosen, kennysheep_little_box,
          minmay_misc_feat_four_crosses, uniq_edmund
D:6:      minmay_temple_entry_statues_pillars, minmay_door_square,
          minmay_unpleasant_kobolds
D:7:      lemuel_crystal_altar, gammafunk_temple_overflow_elements, uniq_pikel
D:8:      minmay_the_grid_square_5x5_3x3, enter_bailey_3
Temple:   eino_wide_crystal_templ
Bailey:   bailey_polearm_1, bailey

Skill      XL: |  1  2  3  4  5  6  7  8  9 10 |
---------------+-------------------------------+-----
Conjurations   | 2 3 4 5 7 8 10 | 10.0
Fire Magic     | 4 5 6 7 9 10 | 10.4
Spellcasting   | 3 4 5 6 |  6.7
Dodging        | |  2.0
Stealth        | |  2.6

Action                   |  1- 3 |  4- 6 |  7- 9 | 10-12 || total
-------------------------+-------+-------+-------+-------++-------
Melee: Unarmed           |    47 |       |       |       ||    47
       Constrict         |    13 |    13 |    23 |     4 ||    53
       Tentacles         |     7 |    10 |    15 |     2 ||    34
       Long sword        |       |    13 |       |       ||    13
       Dagger            |       |    30 |    72 |     2 ||   104
       Great mace        |       |       |       |     8 ||     8
 Cast: Flame Tongue      |    51 |    64 |   114 |    12 ||   241
       Conjure Flame     |       |     3 |    18 |       ||    21
       Sticky Flame      |       |     2 |     8 |     7 ||    17
       Mephitic Cloud    |       |       |     3 |     9 ||    12
       Fireball          |       |       |     1 |     6 ||     7
  Use: Scroll            |     5 |     3 |     9 |     2 ||    19
       Potion            |       |     3 |     1 |       ||     4
 Stab: Sleeping          |     4 |     6 |     2 |       ||    12
  Eat: Chunk             |     2 |     6 |     8 |       ||    16
       Ration            |       |       |     1 |     1 ||     2
Armor: Skin              |     8 |     2 |    17 |     9 ||    36
Dodge: Dodged            |    35 |    36 |    55 |    11 ||   137
       Rpst.: Long sword |       |     2 |       |       ||     2

Table legend:
 A = Spawn XP
 B = Non-spawn XP
 C = Spawn XP percentage of total XP
 D = Spawn monster count
 E = Non-spawn monster count
 F = Spawn count percentage of total count
 G = Total turns spent on level
                    A         B        C        D         E        F      G
               +---------+---------+-------+---------+---------+-------+---------
         Total |       0 |    8234 |   0.0 |       0 |     164 |   0.0 |  6042
               +---------+---------+-------+---------+---------+-------+---------
           D:1 |       0 |      47 |   0.0 |       0 |      24 |   0.0 |   679
           D:2 |       0 |      49 |   0.0 |       0 |      15 |   0.0 |   777
           D:3 |       0 |      31 |   0.0 |       0 |      10 |   0.0 |   449
           D:4 |       0 |     414 |   0.0 |       0 |      23 |   0.0 |   867
           D:5 |       0 |     730 |   0.0 |       0 |      16 |   0.0 |   810
           D:6 |       0 |     595 |   0.0 |       0 |      14 |   0.0 |   880
           D:7 |       0 |    1295 |   0.0 |       0 |      19 |   0.0 |   735
           D:8 |       0 |    2490 |   0.0 |       0 |      21 |   0.0 |   503
        Bailey |       0 |    2583 |   0.0 |       0 |      22 |   0.0 |   314
               +---------+---------+-------+---------+---------+-------+---------
